AoeStats
← Mariov1989

Arabian Desert

510166325Analyzed
1v1 RM · 1d ago on Sep 29, 2026· 46m 35s· 2 players
Game mode
Random Map
Map size
Tiny (2 player)
Population
200
Speed
Normal
Resources
Standard
Victory
Conquest
Starting age
Dark Age
Ending age
Imperial Age
RankedLock teamsTeams togetherTeam positionsShared explorationLock speedFull tech treeHidden civsTurbo modeCheats
Victory
Defeat
🇸🇪 Goths · Sweden
1186
+15
🇪🇸 Magyars · Spain
1175
-15
Mariov1989
7:12 Loom
10:03 Feudal Age
11:15 Double-Bit Axe
11:13 Horse Collar
12:16 Town Watch
20:38 Castle Age
18:37 Gold Mining
19:17 Fletching
19:27 Padded Archer Armor
20:46 Crossbowman
21:42 Thumb Ring
26:03 Bloodlines
25:55 Husbandry
26:38 Scale Barding Armor
27:21 Heavy Plow
27:38 Bow Saw
28:56 Chain Barding Armor
30:03 Bodkin Arrow
31:05 Wheelbarrow
30:40 Light Cavalry
34:31 Leather Archer Armor
42:15 Gold Shaft Mining
44:37 Imperial Age
44:51 Pikeman
46:10 Plate Barding Armor
45:37 Scale Mail Armor
chesscout
1:35 Loom
9:46 Feudal Age
10:18 Horse Collar
10:26 Double-Bit Axe
18:17 Wheelbarrow
18:01 Padded Archer Armor
22:51 Castle Age
22:22 Fletching
24:38 Bow Saw
24:31 Heavy Plow
25:55 Husbandry
26:39 Scale Barding Armor
27:09 Bodkin Arrow
28:35 Bloodlines
30:34 Hand Cart
37:29 Stone Mining
38:03 Scale Mail Armor
38:24 Chain Barding Armor
41:50 Light Cavalry
Connection lost

Rejoining the realm…

Still unreachable

The connection could not be restored.

Session expired

The server has moved on; the page needs a fresh start.